Map: Hecate LE

Players

A.I. 1 (Very Easy)

  • Race: Terran Terran
  • Spawn Location: 7:00

Richard - Winner!

  • Race: Zerg Zerg
  • League: Master
  • Spawn Location: 1:00

VOD

Have the link to the VOD?

Description

Time

  • Played on: Dec. 19, 2023, 2:10 p.m.
  • Length: 14:31
Show
View Real Time Build Order
Export as new Build Order

A.I. 1 (Very Easy) Terran 

Build Orders: Reaper Expand 

Get SALT Encoding   

  12  0:00  SCV  
  13  0:13  SCV  
  14  0:17  Supply Depot  
  14  0:42  Barracks  
  14  1:02  Command Center  
  14  1:30  Orbital Command, Supply Depot  
  14  1:31  Marine  
  15  1:35  Refinery  
  15  1:48  Refinery  
  15  1:56  SCV  
  16  2:08  SCV  
  16  2:14  SCV  
  18  2:16  Reaper  
  18  2:21  SCV  
  20  2:28  SCV  
  21  2:36  SCV  
  22  2:43  SCV, Refinery  
  23  2:50  SCV  
  24  2:57  SCV  
  25  3:00  Marine  
  25  3:04  SCV  
  27  3:12  Factory, SCV  
  28  3:36  Refinery  
  28  3:38  SCV  
  29  3:45  SCV  
  29  3:46  Marine  
  31  3:53  SCV  
  32  3:57  Supply Depot  
  32  3:59  Starport  
  32  4:00  SCV  
  33  4:07  SCV  
  34  4:15  SCV  
  35  4:22  SCV  
  36  4:29  SCV  
  36  4:31  Marine  
  38  4:35  Starport Tech Lab  
  38  4:36  SCV  
  39  4:39  Supply Depot  
  39  4:43  SCV  
  40  4:50  SCV  
  41  4:54  Raven  
  41  4:58  SCV  
  44  5:05  SCV  
  45  5:12  SCV  
  46  5:16  Marine  
  46  5:19  SCV  
  50  5:28  Raven  
  50  6:01  Reaper  
  51  6:35  Barracks Tech Lab  
  51  6:54  Marauder  
  53  9:38  SCV  
  53  11:14  Marauder, Medivac  
  53  11:16  Supply Depot  
  44  11:28  SCV  
  29  11:35  SCV  
  29  11:36  Marauder  
  32  11:42  SCV  
  32  11:44  Medivac  
  35  11:49  SCV  
  36  11:56  Marine  
  36  11:57  SCV  
  38  12:04  SCV  
  39  12:11  SCV  
  39  12:14  Raven, Marine  
  43  12:18  SCV  
  44  12:25  SCV  
  45  12:32  SCV  
  45  12:33  Marauder  
  48  12:40  SCV  
  49  12:48  Raven  
  51  12:53  Marine  
  52  13:11  Marine  
  53  13:22  Raven  
  55  13:29  Marine  
  56  13:58  Marine  
Show
View Real Time Build Order
Export as new Build Order

Richard Zerg - Winner!

Build Orders: Hatch First 

Get SALT Encoding   

  12  0:00  Drone  
  13  0:12  Overlord  
  13  0:16  Drone  
  14  0:31  Drone x2  
  16  0:47  Hatchery  
  15  0:51  Drone  
  15  0:55  Drone  
  17  0:58  Drone  
  18  1:09  Extractor  
  17  1:13  Spawning Pool  
  17  1:17  Drone  
  17  1:20  Drone  
  18  1:28  Drone  
  19  1:39  Drone  
  20  1:50  Overlord  
  20  2:00  Queen x2  
  24  2:01  Zergling x4  
  26  2:10  Drone  
  26  2:11  Drone  
  26  2:15  Metabolic Boost  
  28  2:22  Drone x2  
  30  2:35  Drone, Hatchery  
  30  2:40  Drone  
  30  2:43  Drone  
  32  2:46  Overlord  
  32  2:51  Queen  
  32  2:55  Drone  
  32  2:56  Drone  
  36  3:06  Overlord  
  36  3:09  Drone x2  
  36  3:10  Drone  
  39  3:13  Drone  
  39  3:19  Queen  
  42  3:21  Drone x2  
  42  3:27  Queen, Overlord  
  44  3:30  Overlord  
  46  3:38  Drone  
  46  3:41  Zergling x2  
  48  3:46  Zergling x6  
  51  3:49  Queen  
  51  3:51  Drone x2  
  55  3:56  Overlord  
  55  3:58  Drone x2  
  57  4:03  Drone  
  57  4:04  Roach Warren  
  57  4:06  Queen  
  59  4:11  Overlord  
  59  4:15  Drone x3  
  59  4:17  Drone  
  63  4:20  Drone  
  63  4:21  Drone  
  65  4:27  Drone  
  66  4:32  Drone x2  
  66  4:33  Drone x2  
  66  4:35  Drone  
  66  4:36  Zergling x2  
  66  4:37  Zergling x4  
  74  4:39  Lair  
  74  4:41  Drone, Spore Crawler  
  74  4:44  Spore Crawler  
  74  4:45  Drone  
  74  4:52  Drone, Spore Crawler  
  74  4:54  Overlord x2  
  74  4:58  Roach x3  
  80  5:02  Roach  
  82  5:13  Overlord x2  
  82  5:14  Drone x7  
  89  5:18  Drone x3  
  89  5:20  Drone  
  93  5:24  Extractor  
  93  5:25  Extractor, Drone  
  92  5:30  Extractor x2, Overlord  
  92  5:31  Extractor  
  92  5:32  Drone  
  90  5:36  Drone  
  90  5:38  Evolution Chamber  
  90  5:39  Evolution Chamber  
  90  5:41  Drone  
  90  5:43  Drone x3  
  90  5:45  Overseer  
  90  5:49  Drone x5  
  98  5:53  Hatchery  
  97  6:07  Zerg Melee Weapons Level 1, Zerg Ground Armor Level 1  
  97  6:09  Glial Reconstitution  
  97  6:20  Drone  
  97  6:21  Roach x6  
  97  6:22  Roach x2  
  97  6:24  Hatchery  
  113  6:28  Roach x4  
  121  6:33  Overlord x3  
  121  6:38  Overseer  
  121  6:41  Baneling Nest  
  121  6:42  Drone  
  121  6:44  Drone  
  122  6:51  Drone x8  
  130  6:57  Drone  
  130  7:00  Hydralisk Den  
  130  7:01  Zergling x2  
  130  7:02  Zergling x6  
  134  7:12  Drone  
  134  7:13  Spore Crawler  
  134  7:17  Overlord x3  
  134  7:19  Roach x7  
  148  7:28  Centrifugal Hooks  
  148  7:31  Muscular Augments  
  148  7:33  Overlord x3  
  148  7:34  Zergling x8  
  152  7:43  Overlord x2  
  152  7:45  Zergling x20  
  152  7:49  Ravager x4  
  152  7:50  Ravager  
  167  7:51  Baneling  
  167  7:52  Baneling x8  
  167  8:03  Zerg Melee Weapons Level 2  
  167  8:04  Zerg Ground Armor Level 2  
  167  8:08  Hatchery  
  167  8:09  Zergling x12  
  172  8:22  Zergling x28  
  186  8:31  Infestation Pit  
  186  8:32  Drone  
  186  8:35  Grooved Spines  
  186  8:49  Hydralisk x7  
  200  9:06  Overseer  
  200  9:10  Extractor  
  200  9:11  Extractor  
  200  9:12  Drone x2  
  200  9:16  Hive  
  200  9:43  Evolution Chamber  
  200  9:44  Drone  
  200  10:09  Zerg Missile Weapons Level 1  
  200  10:30  Zerg Melee Weapons Level 3  
  200  10:31  Zerg Ground Armor Level 3  
  200  10:32  Adrenal Glands  
  200  10:34  Ultralisk Cavern  
  199  10:38  Spine Crawler  
  199  10:39  Spine Crawler  
  199  10:41  Spore Crawler  
  196  10:46  Spore Crawler  
  196  10:48  Drone x5, Spore Crawler  
  196  10:49  Drone, Spore Crawler  
  199  11:21  Chitinous Plating  
  193  11:34  Drone x7  
  200  11:43  Hatchery  
  199  11:49  Extractor x2  
  197  11:56  Baneling x30  
  197  11:57  Ravager  
  197  11:58  Ravager x2  
  200  12:06  Zerg Missile Weapons Level 2  
  200  12:24  Spore Crawler  
  200  12:27  Spore Crawler x2  
  200  12:28  Spine Crawler  
  196  12:30  Spine Crawler  
  195  12:40  Anabolic Synthesis  
  195  12:55  Drone x5  
  200  13:31  Overseer  
  200  13:56  Hatchery  
  200  14:00  Hatchery  
Tags
 
Add a new tag
Caveats
  • Supply blocks, unpowered buildings, or Contaminate may cause inaccurate times.
  • Supply counts are checked every 10 seconds.